 Dungeon Crawl Stone Soup version 0.22-a0-538-g76cc104 (webtiles) character file.

34196 kae the Martial Artist (level 13, -1/150 HPs)
             Began as a Demonspawn Transmuter on June 23, 2018.
             Was a High Priest of Okawaru.
             Slain by a death yak (9 damage)
             ... on level 6 of the Lair of Beasts.
             The game lasted 00:27:38 (19920 turns).

kae the Martial Artist (Demonspawn Transmuter)     Turns: 19920, Time: 00:27:39

Health: -1/150     AC: 26    Str: 16    XL:     13   Next: 40%
Magic:  25/25      EV:  2    Int: 15    God:    Okawaru [*****.]
Gold:   946        SH:  0    Dex: 22    Spells: 13/28 levels left

rFire    . . .     SeeInvis .     - Unarmed
rCold    . . .     Gourm    .   (no shield)
rNeg     + + +     Faith    .   (armour currently unavailable)
rPois    +         Spirit   .   (helmet currently unavailable)
rElec    .         Reflect  .   (cloak currently unavailable)
rCorr    .         Harm     .   (gloves currently unavailable)
MR       .....     NoTele   +   (boots unavailable)
Stlth    +++++.....             (no amulet)
HPRegen  0.35/turn              A - ring of wizardry
MPRegen  0.19/turn              i - ring of poison resistance

@: mighty, tree-form
A: thin skeletal structure 2, demonic guardian 1, nightstalker 2
a: Heroism, Finesse, Renounce Religion


You were on level 6 of the Lair of Beasts.
You worshipped Okawaru.
Okawaru was extremely pleased with you.
You were very hungry.
You were a tree.
You visited 3 branches of the dungeon, and saw 16 of its levels.
You also visited: Ossuary.

You collected 946 gold pieces.

Inventory:

Missiles
 a - 258 arrows
Armour
 b - the +0 pair of boots of Ennui {rElec Dex+3}
   (Okawaru gifted it to you on level 1 of the Lair of Beasts)

   It affects your dexterity (+3).
   It insulates you from electricity.
 p - a +1 pair of gloves (melded)
 C - the cursed +1 leather armour of Ipla (melded) {rN+ Regen+ rCorr}
   (You found it on level 8 of the Dungeon)

   It protects you from negative energy.
   It increases your rate of regeneration.
   It protects you from acid and corrosion.
   It has a curse placed upon it.
 G - a +1 helmet (melded)
Jewellery
 e - an uncursed ring of protection from cold
 g - an uncursed ring of ice
 i - a ring of poison resistance (right branch)
 y - an uncursed ring of magical power
 A - a ring of wizardry (left branch)
 B - a +3 ring of intelligence
 E - an uncursed ring of flight
 F - an uncursed ring of protection from fire
Wands
 r - a wand of iceblast (13)
 t - a wand of random effects (20)
 w - a wand of flame (39)
 z - a wand of acid (8)
 D - a wand of disintegration (24)
Scrolls
 j - 2 scrolls of enchant weapon
 n - 11 scrolls of identify
 q - 4 scrolls of remove curse
 u - 5 scrolls of amnesia
 H - a scroll of teleportation
 I - a scroll of enchant armour
 J - a scroll of fog
Potions
 c - a potion of curing
 f - a potion of flight
 h - 5 potions of mutation
 k - 4 potions of brilliance
 l - 5 potions of lignification
 o - 2 potions of invisibility
 s - a potion of might
 v - a potion of ambrosia
 x - a potion of resistance
Comestibles
 d - 30 rations
 K - 2 chunks of flesh


   Skills:
 + Level 8.9 Fighting
 + Level 8.3 Dodging
 + Level 12.0 Unarmed Combat
 * Level 8.2 Spellcasting
 + Level 10.4 Transmutations
 - Level 7.0 Invocations


You had 13 spell levels left.
You knew the following spells:

 Your Spells              Type           Power        Failure   Level  Hunger
a - Beastly Appendage     Tmut           #####.       1%          1    None
b - Sticks to Snakes      Tmut           #####...     1%          2    None
c - Spider Form           Tmut/Pois      ###.......   1%          3    ##.....
d - Blade Hands           Tmut           #####.....   1%          5    #####..
e - Ice Form              Ice/Tmut       ###.....     6%          4    ####...

Your spell library contained the following spells:

 Spells                   Type           Power        Failure   Level  Hunger
 Bolt of Magma            Conj/Fire/Erth #.........   75%         5    #####..
 Venom Bolt               Conj/Pois      #.........   75%         5    #####..
 Iron Shot                Conj/Erth      #.........   99%         6    #######
 Orb of Destruction       Conj           #.........   100%        7    #######
 Iskenderun's Battlesphe  Conj/Chrm      #.......     75%         5    #####..
 Spellforged Servitor     Conj/Summ      #.........   100%        7    #######


Dungeon Overview and Level Annotations

Branches:
Dungeon (9/15)             Temple (1/1) D:5            Lair (6/6) D:9
 Shoals (0/4) Lair:4       Spider (0/4) Lair:3        Slime (0/5) Lair:5
    Orc: D:9-12

Altars:
Ashenzari
Cheibriados
Dithmenos
Elyvilon
Fedhas
Gozag
Hepliaklqana
Kikubaaqudgha
Makhleb
Nemelex Xobeh
Okawaru
Qazlal
Ru
Sif Muna
Trog
Uskayaw
Vehumet
Wu Jian
Xom
Yredelemnul
Zin
The Shining One
Jiyva

Shops:
D:7 %   D:8 !

Annotations:
Lair:1 Fannar
Lair:2 exclusions: bullfrog and 4 death yaks


Innate Abilities, Weirdness & Mutations

((You have hooves in place of feet.))
You have a moderately thin skeletal structure. (Dex +4, Stealth+)
A weak demonic guardian rushes to your aid.
You are significantly more attuned to the shadows.


Message History

Something stings your iron imp!!
Your iron imp dies!
The death yak completely misses you.
Your iron imp hits the death yak but does no damage.
You hit the death yak.
The death yak is heavily wounded.
The death yak gores you!
* * * LOW HITPOINT WARNING * * *
You hit the death yak.
The death yak is almost dead.
You feel like a meek peon again. The death yak gores you.
* * * LOW HITPOINT WARNING * * *
Your iron imp hits the death yak.
The death yak gores you.
* * * LOW HITPOINT WARNING * * *
You feel better.
The death yak gores you but does no damage.
Your iron imp barely misses the death yak.
The death yak gores you!
You die...

....Y.††...P.# P..........≈≈≈
........Y..#.# ........#..≈≈≈
.....!..††Y#.# .......##..≈≈≈
.........F..# P......P
.....?...Y5P# .......# ≈≈≈≈≈≈
........Y..P# [...#..###.P≈P≈
........Y..## ##........#...≈≈
............######.........#w....
...........###.#♣#......w.)#....P
......#......#FY#Y#...P.y.†F.....
..............5F.[F.....###..[≈..
......##..............### ##..#..
......#.........PPP...# #.## .
................P....## ###
................P....#
.......#..#..........## #####
.......P...#...........# ####}...


You could see 2 death yaks, a spiny frog, a blink frog, a bullfrog and a
friendly iron imp.

Vanquished Creatures
  2 hydras
  2 two-headed ogres
  Erica (D:8)
  4 death yaks (Lair:6)
  A lindwurm (Lair:4)
  An ugly thing (D:9)
  3 elephants (Lair:5)
  4 black mambas
  15 spiny frogs
  7 komodo dragons
  2 rime drakes
  A troll (D:9)
  A jumping spider (Lair:3)
  2 polar bears
  5 hippogriffs
  12 blink frogs
  A snapping turtle (Lair:4)
  15 dream sheep
  2 redbacks (Lair:3)
  12 yaks
  A wyvern (Lair:5)
  A hungry ghost (D:7)
  Grum (D:8)
  3 vampire mosquitoes (Lair:6)
  Menkaure (D:6)
  17 water moccasins
  7 porcupines
  2 ice beasts
  3 orc warriors
  A sky beast (D:8)
  2 black bears
  4 ogres
  7 wolves
  2 centaurs
  An eye of draining (D:9)
  11 crocodiles
  Blork the orc (D:4)
  An elf zombie (Ossuary)
  19 bullfrogs
  2 gnoll sergeants (D:6)
  A scorpion (D:4)
  3 wights (D:6)
  4 killer bees (D:9)
  An electric eel (Lair:4)
  4 howler monkeys
  6 crimson imps
  A centaur zombie (D:9)
  6 jellies
  4 hounds
  3 bullfrog zombies
  3 orc priests
  A bullfrog skeleton (D:4)
  7 orc wizards
  2 iguanas
  5 worker ants
  2 big kobold zombies (Ossuary)
  3 hound zombies
  10 gnolls (D:6)
  10 adders
  A shadow imp (D:9)
  5 oozes (D:8)
  4 adder zombies (Ossuary)
  2 dart slugs
  9 leopard geckos
  23 orcs
  4 giant cockroaches
  20 goblins
  7 hobgoblins
  2 jackals (D:2)
  2 kobolds (D:3)
  7 quokkas
  A ball python (D:1)
  2 bats
  3 frilled lizards
  6 hobgoblin zombies (Ossuary)
  3 jackal zombies
  12 kobold zombies (Ossuary)
  8 orc zombies (Ossuary)
  2 quokka skeletons
  2 quokka zombies (D:4)
  5 rats
  2 rat zombies (Ossuary)
388 creatures vanquished.

Vanquished Creatures (collateral kills)
  A spiny frog (Lair:6)
  A dream sheep (Lair:6)
  A yak (Lair:6)
  A bullfrog (D:7)
  A bullfrog skeleton (D:6)
  2 mummies (Ossuary)
  Robin (D:3)
  A gnoll (D:6)
  An orc (D:6)
  2 ball pythons
  A bat (D:3)
  2 goblins (D:3)
  2 hobgoblins (D:3)
17 creatures vanquished.

Vanquished Creatures (others)
  A bush (Lair:6)
  9 fungi
  40 plants
50 creatures vanquished.

Grand Total: 455 creatures vanquished

Notes
Turn   | Place    | Note
-------+----------+-------------------------------------------
     0 | D:1      | kae the Demonspawn Transmuter began the quest for the Orb.
     0 | D:1      | Reached XP level 1. HP: 15/15 MP: 3/3
   250 | D:1      | Reached skill level 3 in Unarmed Combat
   456 | D:1      | Gained mutation: You have a somewhat thin skeletal structure. (Dex +2, Stealth) [demonic ancestry]
   456 | D:1      | Reached XP level 2. HP: 21/21 MP: 3/5
   485 | D:1      | Learned a level 2 spell: Sticks to Snakes
  1205 | D:2      | Gained mutation: You have large cloven feet. [demonic ancestry]
  1205 | D:2      | Reached XP level 3. HP: 26/26 MP: 4/6
  1210 | D:2      | Learned a level 3 spell: Spider Form
  1895 | D:3      | Reached skill level 4 in Unarmed Combat
  1895 | D:3      | Reached XP level 4. HP: 8/32 MP: 5/7
  2318 | D:3      | Noticed Robin
  2374 | D:3      | Killed Robin
  2990 | D:3      | Gained mutation: You are slightly more attuned to the shadows. [demonic ancestry]
  2990 | D:3      | Reached XP level 5. HP: 30/37 MP: 6/8
  3271 | D:4      | Reached skill level 5 in Unarmed Combat
  3361 | D:4      | Found a sand-covered staircase.
  3455 | Ossuary  | Entered an ossuary
  3778 | Ossuary  | Reached XP level 6. HP: 23/43 MP: 9/9
  4384 | D:4      | Noticed Blork the orc
  4452 | D:4      | Killed Blork the orc
  4452 | D:4      | Reached skill level 6 in Unarmed Combat
  4782 | D:4      | Reached XP level 7. HP: 48/48 MP: 4/10
  4874 | D:5      | Entered Level 5 of the Dungeon
  4877 | D:5      | Found a staircase to the Ecumenical Temple.
  4996 | Temple   | Entered the Ecumenical Temple
  5281 | Temple   | Became a worshipper of Warmaster Okawaru
  5402 | D:5      | Reached skill level 1 in Invocations
  5444 | D:5      | Found a white marble altar of Elyvilon.
  5859 | D:6      | Noticed a two-headed ogre
  5932 | D:6      | Reached skill level 7 in Unarmed Combat
  6230 | D:6      | Noticed Menkaure
  6253 | D:6      | Killed Menkaure
  6253 | D:6      | Gained mutation: You have hoof-like feet. [demonic ancestry]
  6253 | D:6      | Reached XP level 8. HP: 54/54 MP: 1/11
  6379 | D:6      | Reached * piety under Okawaru
  6379 | D:6      | Reached skill level 5 in Transmutations
  7216 | D:6      | Reached skill level 8 in Unarmed Combat
  8025 | D:6      | Reached skill level 5 in Invocations
  8804 | D:6      | Killed a two-headed ogre
  8804 | D:6      | Reached ** piety under Okawaru
  8804 | D:6      | Reached skill level 9 in Unarmed Combat
  8804 | D:6      | Reached XP level 9. HP: 20/59 MP: 6/13
  9861 | D:7      | Reached *** piety under Okawaru
  9980 | D:7      | Found Rekhakag's Food Shoppe.
 10043 | D:7      | Found a hide-covered altar of Uskayaw.
 10711 | D:8      | Got a crude leather armour
 10722 | D:8      | Identified the cursed +1 leather armour of Ipla {rN+ Regen+ rCorr} (You found it on level 8 of the Dungeon)
 10765 | D:8      | Found Vetruwora's Distillery.
 10906 | D:8      | Gained mutation: You are significantly more attuned to the shadows. [demonic ancestry]
 10906 | D:8      | Reached XP level 10. HP: 43/70 MP: 11/15
 11018 | D:8      | Noticed Erica
 11337 | D:8      | Learned a level 5 spell: Blade Hands
 11435 | D:8      | Killed Erica
 11435 | D:8      | Reached skill level 10 in Unarmed Combat
 11591 | D:8      | Noticed Grum
 11592 | D:8      | Reached **** piety under Okawaru
 11601 | D:8      | Killed Grum
 12183 | D:9      | Found a staircase to the Lair.
 12254 | D:9      | Noticed a two-headed ogre
 12541 | D:9      | Killed a two-headed ogre
 12564 | D:9      | Found a sparkling altar of Nemelex Xobeh.
 12853 | D:9      | Noticed a cyan ugly thing
 12854 | D:9      | Reached skill level 5 in Fighting
 12887 | D:9      | Killed a cyan ugly thing
 12887 | D:9      | Reached skill level 5 in Dodging
 13064 | Lair:1   | Entered Level 1 of the Lair of Beasts
 13172 | Lair:1   | Reached ***** piety under Okawaru
 13204 | Lair:1   | Noticed a spiny frog
 13215 | Lair:1   | Killed a spiny frog
 13215 | Lair:1   | Received a gift from Okawaru
 13215 | Lair:1   | Gained mutation: You have a moderately thin skeletal structure. (Dex +4, Stealth+) [demonic ancestry]
 13215 | Lair:1   | Reached XP level 11. HP: 80/80 MP: 13/16
 13228 | Lair:1   | Got a pair of ichor-stained boots {god gift}
 13239 | Lair:1   | Identified the +0 pair of boots of Ennui {rElec Dex+3} (Okawaru gifted it to you on level 1 of the Lair of Beasts)
 13461 | Lair:1   | Noticed Fannar
 14190 | Lair:2   | Reached skill level 11 in Unarmed Combat
 14300 | Lair:2   | Noticed a death yak
 14300 | Lair:2   | Noticed a death yak
 14358 | Lair:2   | Noticed a death yak
 15264 | Lair:2   | Noticed a death yak
 16254 | Lair:3   | Found a hole to the Spider Nest.
 16483 | Lair:3   | Identified a scroll of acquirement
 16521 | Lair:4   | Noticed a five-headed hydra
 16631 | Lair:4   | Noticed a lindwurm
 16643 | Lair:4   | Killed a lindwurm
 16643 | Lair:4   | Gained mutation: You have hooves in place of feet. [demonic ancestry]
 16643 | Lair:4   | Reached XP level 12. HP: 49/91 MP: 15/18
 16714 | Lair:4   | Learned a level 4 spell: Ice Form
 16755 | Lair:4   | HP: 4/91 [poisoned by a spiny frog]
 16760 | Lair:4   | HP: 2/91 [poisoned by a spiny frog]
 16766 | Lair:4   | HP: 2/91 [poisoned by a spiny frog]
 16773 | Lair:4   | HP: 4/91 [poisoned by a spiny frog]
 17247 | Lair:4   | Found a stormy altar of Qazlal.
 17311 | Lair:4   | Reached skill level 5 in Spellcasting
 17363 | Lair:4   | Killed a five-headed hydra
 17406 | Lair:4   | Received a gift from Okawaru
 17598 | Lair:4   | Found a staircase to the Shoals.
 18329 | Lair:5   | Found a viscous altar of Jiyva.
 18330 | Lair:5   | Found a staircase to the Slime Pits.
 19026 | Lair:6   | Entered Level 6 of the Lair of Beasts
 19032 | Lair:6   | Reached skill level 10 in Transmutations
 19111 | Lair:6   | Noticed a seven-headed hydra
 19120 | Lair:6   | Killed a seven-headed hydra
 19138 | Lair:6   | Received a gift from Okawaru
 19142 | Lair:6   | HP: 4/112 [tyrant leech (27)]
 19233 | Lair:6   | Gained mutation: A weak demonic guardian rushes to your aid. [demonic ancestry]
 19233 | Lair:6   | Reached XP level 13. HP: 94/99 MP: 20/23
 19824 | Lair:6   | Reached skill level 12 in Unarmed Combat
 19919 | Lair:6   | HP: 6/150 [death yak (3)]
 19919 | Lair:6   | HP: 2/150 [death yak (4)]
 19920 | Lair:6   | Slain by a death yak

Vault maps used:
D:1:      dpeg_arrival_shelter
D:2:      first_ration
D:3:      minmay_distorted, uniq_robin
D:4:      enter_ossuary_4, uniq_blork_the_orc
D:5:      minmay_temple_entry_junction_2, elyvilon_altar_4
D:6:      grunt_decor_fettered, uniq_menkaure
D:7:      serial_shops, shop_coins, basic_altar
D:8:      serial_shops, nicolae_shop_crystal, hangedman_little_slice_of_home,
          uniq_erica, uniq_grum
D:9:      old_standard_altar, lair_entry_dummy
Temple:   nicolae_temple_the_god_donut
Lair:1:   uniq_fannar
Lair:3:   spider_nest_entry_funnel_web, grunt_megastairs_4
Lair:4:   minmay_shoals_entry_hut, basic_altar
Lair:5:   slime_altar_1, lab_entry_generic, serial_bayou_crossing,
          grunt_megastairs_3
Lair:6:   minmay_lair_end_frog_pond, lemuel_fruit_tree
Ossuary:  ossuary_tomb_1

Skill      XL: |  1  2  3  4  5  6  7  8  9 10 11 12 13 |
---------------+----------------------------------------+-----
Unarmed Combat | 3 4 5 6 7 9 10 11 12 | 12.0
Transmutations | 2 3 4 6 7 8 9 10 | 10.4
Invocations    | 3 6 7 |  7.0
Dodging        | 3 5 6 7 8 |  8.3
Fighting       | 3 5 7 8 |  8.9
Spellcasting   | 4 7 8 |  8.2

Action                   |  1- 3 |  4- 6 |  7- 9 | 10-12 | 13-15 || total
-------------------------+-------+-------+-------+-------+-------++-------
Melee: Unarmed           |   105 |   280 |   312 |   609 |   119 ||  1425
       Headbutt          |     4 |     5 |     3 |     5 |       ||    17
       Kick              |    13 |    76 |    24 |    43 |    15 ||   171
       Punch             |       |     7 |     6 |    23 |     1 ||    37
 Cast: Beastly Appendage |    13 |     5 |     8 |     3 |       ||    29
       Sticks to Snakes  |     5 |    16 |     7 |     1 |       ||    29
       Spider Form       |       |     3 |    27 |    38 |       ||    68
       Blade Hands       |       |       |       |    20 |     5 ||    25
       Ice Form          |       |       |       |     6 |     1 ||     7
Invok: Heroism           |       |       |    11 |    30 |     4 ||    45
 Abil: End Transformatio |       |       |       |     1 |       ||     1
  Use: Scroll            |     2 |    13 |     5 |    11 |     1 ||    32
       Potion            |       |       |     1 |     3 |    10 ||    14
 Stab: Distracted        |     1 |     2 |     1 |     2 |       ||     6
       Sleeping          |       |     6 |     6 |    24 |       ||    36
  Eat: Chunk             |     3 |     6 |    21 |    33 |     3 ||    66
       Ration            |       |     2 |     1 |     2 |       ||     5
Armor: Robe              |    22 |    53 |    21 |       |       ||    96
       Skin              |       |       |    29 |    26 |    18 ||    73
       Leather armour    |       |       |     1 |    29 |    10 ||    40
Dodge: Dodged            |    68 |   143 |   221 |   518 |   108 ||  1058

Table legend:
 A = Spawn XP
 B = Non-spawn XP
 C = Spawn XP percentage of total XP
 D = Spawn monster count
 E = Non-spawn monster count
 F = Spawn count percentage of total count
 G = Total turns spent on level
                    A         B        C        D         E        F      G
               +---------+---------+-------+---------+---------+-------+---------
         Total |       0 |   48852 |   0.0 |       0 |     405 |   0.0 | 19920
               +---------+---------+-------+---------+---------+-------+---------
           D:1 |       0 |      36 |   0.0 |       0 |      18 |   0.0 |  1124
           D:2 |       0 |      29 |   0.0 |       0 |      16 |   0.0 |   988
           D:3 |       0 |     153 |   0.0 |       0 |      34 |   0.0 |  1038
           D:4 |       0 |     364 |   0.0 |       0 |      11 |   0.0 |   801
           D:5 |       0 |     121 |   0.0 |       0 |       6 |   0.0 |  1045
           D:6 |       0 |    2744 |   0.0 |       0 |      51 |   0.0 |  3285
           D:7 |       0 |     705 |   0.0 |       0 |      15 |   0.0 |   790
           D:8 |       0 |    2808 |   0.0 |       0 |      34 |   0.0 |  1879
           D:9 |       0 |    3239 |   0.0 |       0 |      33 |   0.0 |   890
        Lair:1 |       0 |    4864 |   0.0 |       0 |      20 |   0.0 |  1044
        Lair:2 |       0 |    2625 |   0.0 |       0 |      12 |   0.0 |  1346
        Lair:3 |       0 |    3190 |   0.0 |       0 |      17 |   0.0 |  1149
        Lair:4 |       0 |    6158 |   0.0 |       0 |      23 |   0.0 |  1396
        Lair:5 |       0 |    9093 |   0.0 |       0 |      41 |   0.0 |  1461
        Lair:6 |       0 |   12498 |   0.0 |       0 |      35 |   0.0 |   460
       Ossuary |       0 |     225 |   0.0 |       0 |      39 |   0.0 |   923
               +---------+---------+-------+---------+---------+-------+---------
